AoeStats
← RedPhosphoru

Arabian Desert

509513199Analyzed
1v1 RM · 5d ago on Sep 27, 2026· 22m 12s· 2 players
Game mode
Random Map
Map size
Tiny (2 player)
Population
200
Speed
Normal
Resources
Standard
Victory
Conquest
Starting age
Dark Age
Ending age
Imperial Age
RankedLock teamsTeams togetherTeam positionsShared explorationLock speedFull tech treeHidden civsTurbo modeCheats
Victory
Defeat
🇨🇦 Varangians · Canada
2481
+14
🇺🇸 Saxons · United States
2442
-14
RedPhosphoru
9:22 Loom
11:33 Feudal Age
15:31 Castle Age
21:18 Fletching
Survivalist
6:49 Loom
10:28 Feudal Age
10:57 Double-Bit Axe
18:27 Castle Age
17:39 Bloodlines
19:26 Forging
19:02 Light Cavalry
20:11 Husbandry
Connection lost

Rejoining the realm…

Still unreachable

The connection could not be restored.

Session expired

The server has moved on; the page needs a fresh start.